 Dungeon Crawl Stone Soup version 0.29.1-2-gbd0b4ee654 (webtiles) character file.

Game seed: 9255738200436066428

29 Linkola the Conjurer (level 3, -2/19 HPs)
             Began as a Deep Elf Conjurer on Oct 26, 2022.
             Slain by a goblin
             ... wielding a +0 club
             ... led by Robin
              (5 damage)
             ... on level 2 of the Dungeon.
             The game lasted 00:03:16 (1131 turns).

Linkola the Conjurer (Deep Elf Conjurer)            Turns: 1131, Time: 00:03:17

Health: -2/19      AC:  2    Str:  4    XL:     3   Next: 1%
Magic:  9/9        EV: 12    Int: 24    God:
Gold:   31         SH:  0    Dex: 13    Spells: 5/8 levels left

rFire   . . .      SeeInvis .   (no weapon)
rCold   . . .      Faith    .   (no shield)
rNeg    . . .      Spirit   .   a - +0 robe
rPois   .          Reflect  .   (no helmet)
rElec   .          Harm     .   (no cloak)
rCorr   .          Rampage  .   (no gloves)
Will    .....                   (no boots)
Stlth   ++........              (no amulet)
HPRegen 0.06/turn               (no ring)
MPRegen 0.11/turn               (no ring)

@: no status effects
A: no striking features
a: no special abilities


You were on level 2 of the Dungeon.
You visited 1 branch of the dungeon, and saw 2 of its levels.

You collected 31 gold pieces.

Inventory:

Armour
 a - a +0 robe (worn)
Jewellery
 c - a ring of ice
Potions
 b - a potion of magic
 d - a potion of heal wounds {unknown}


   Skills:
 + Level 2.6 Dodging
 + Level 2.6 Stealth
 + Level 3.1 Spellcasting
 + Level 5.0 Conjurations
 * Level 0.7 Hexes
 + Level 0.4 Translocations
 * Level 0.4 Ice Magic


You had 5 spell levels left.
You knew the following spells:

 Your Spells              Type           Power      Damage    Failure   Level
a - Magic Dart            Conj           100%       1d8       1%          1
b - Searing Ray           Conj           56%        2d6       1%          2

Your spell library contained the following spells:

 Spells                   Type           Power      Damage    Failure   Level
 Dazzling Flash           Conj/Hex       34%        N/A       10%         3
 Ozocubu's Armour         Ice            6%         N/A       26%         3
 Fulminant Prism          Conj/Hex       8%         3d7       32%         4
 Iskenderun's Mystic Bla  Conj/Tloc      17%        2d5       34%         4
 Metabolic Englaciation   Hex/Ice        3%         N/A       93%         5
 Simulacrum               Ice/Necr       2%         N/A       100%        6


Dungeon Overview and Level Annotations

Branches:
Dungeon (2/15)

Altars:

Annotations:
D:2 Robin


Message History

The goblin barely misses you.
You climb upwards.
There is a stone staircase leading down here.
Casting: Magic Dart (safe; 1% risk of failure)
Confirm with . or Enter, or press ? or * to list all spells.
Aiming: Searing Ray (safe; 2% risk of failure)
Press: ? - help, Shift-Dir - straight line, f - goblin
Aim: a goblin, wielding a +0 dagger (74% to hit)
The searing ray hits the goblin!
You kill the goblin!
The searing ray hits the goblin!
You kill the goblin! (Press . to maintain the ray.)
The goblin misses you.
Aiming: Magic Dart (safe; 1% risk of failure)
Press: ? - help, Q - select action, (/) - cycle Shift-Dir - straight line, f - goblin
Aim: a goblin, wielding a +0 club (100% to hit)
The magic dart hits the goblin!
You kill the goblin!
You have reached level 3!
Your experience leads to an increase in your attributes!
Increase (S)trength, (I)ntelligence, or (D)exterity?
You feel clever. x2
HP restored.
Magic restored.
Done exploring.
You climb downwards.
Level annotation: Robin The bat hits you. x3; The hobgoblin closely misses you.
The hobgoblin hits you.
Robin roars a battlecry!
The goblins go into a battle-frenzy!
The hobgoblin hits you but does no damage.
The hobgoblin barely misses you. The goblin misses you.
The goblin hits you but does no damage. The hobgoblin hits you.
There is a stone staircase leading up, spattered with blood here.
The goblin hits you with a +0 club.
* * * LOW HITPOINT WARNING * * *
The goblin closely misses you. The hobgoblin barely misses you.
The hobgoblin closely misses you. The goblin hits you with a +0 club.
You die...

. ##########..
#...........
#.........#
##..ggb....#.
#..bg@g......
..g.g.ggg.#..PP
..........P.. .
........?.#.PP.
..........# .|.
..........# ..
..........# .
..........P


You could see Robin, 3 hobgoblins, 5 goblins and 2 bats.

Vanquished Creatures
  2 ball pythons (D:1)
  3 endoplasms (D:1)
  2 giant cockroaches (D:1)
  3 goblins (D:1)
  5 hobgoblins (D:1)
  A kobold (D:1)
  2 quokkas (D:1)
  3 frilled lizards (D:1)
  4 rats (D:1)
25 creatures vanquished.

Notes
Turn   | Place    | Note
-------+----------+-------------------------------------------
     0 | D:1      | Linkola the Deep Elf Conjurer began the quest for the Orb.
     0 | D:1      | Reached XP level 1. HP: 10/10 MP: 6/6
   215 | D:1      | Reached XP level 2. HP: 15/15 MP: 4/8
   257 | D:1      | Learned a level 2 spell: Searing Ray
   849 | D:1      | Reached skill level 5 in Conjurations
  1086 | D:2      | Noticed Robin
  1095 | D:1      | Reached XP level 3. HP: 18/19 MP: 5/9
  1131 | D:2      | Slain by a goblin

Illustrated notes

Levels and vault maps discovered:
D:1:      dpeg_arrival_shelter, layout_basic
D:2:      cheibrodos_old_hovel, layout_rooms,
          shapermc_ecumenical_altar_mp_highgroup, serial_shops, shop, uniq_robin

Skill      XL: |  1  2 |
---------------+-------+-----
Conjurations   | 5 |  5.0
Dodging        | |  2.6
Stealth        | |  2.6
Spellcasting   | |  3.1
Hexes          | |  0.7
Translocations | |  0.4
Ice Magic      | |  0.4

Action                   || total
-------------------------++-------
 Cast: Magic Dart        ||    42
       Searing Ray       ||     1
  Use: Scroll            ||     3
Armor: Robe              ||     4
Dodge: Dodged            ||    14
